 Dungeon Crawl Stone Soup version 0.31-a0-1616-gbeaec30b81 (webtiles) character file.

Game seed: 1494341674343648826

31376 James the Slicer (level 13, -10/65 HPs)
             Began as a Vine Stalker Fighter on Jan 10, 2024.
             Was a Follower of Uskayaw.
             Killed from afar by a rime drake (29 damage)
             ... with an icy flash freeze
             ... on level 3 of the Lair of Beasts.
             The game lasted 01:04:49 (14125 turns).

James the Slicer (Vine Stalker Fighter)            Turns: 14125, Time: 01:04:50

Health: -10/65     AC:  0    Str: 20    XL:     13   Next: 57%
Magic:  0/22       EV: 17    Int:  8    God:    Uskayaw [*.....]
Gold:   563        SH:  0    Dex: 18    Spells: 12/12 levels left

rFire   . . .        a - melded +5 rapier
rCold   . . .        c - melded +0 buckler
rNeg    . . .        E - melded +4 ring mail
rPois   .            g - melded +0 helmet {Int+3}
rElec   .            q - melded +1 cloak
rCorr   .            A - melded +1 pair of gloves
SInv    .            (boots currently unavailable)
Will    +....        M - amulet of faith {!P}
Stlth   ++++         J - melded ring of Inyihon {Fly rC+ Dex+4 Slay+4}
HPRegen 1.10/turn    y - melded ring of magical power
MPRegen 0.18/turn

%: guardian spirit, faith
@: pig-form, very quick
A: fast, no casting, small, (fangs 3), regeneration 1, magic shield, (antimagic
bite), no potion heal 2
a: Renounce Religion, Stomp


You were on level 3 of the Lair of Beasts.
You worshipped Uskayaw.
Uskayaw was aware of your devotion.
You were a filthy swine.
You visited 3 branches of the dungeon, and saw 15 of its levels.
You also visited: Bailey and Gauntlet.

You collected 884 gold pieces.
You spent 321 gold pieces at shops.

Inventory:

Hand Weapons
 a - a +5 rapier (melded)
 b - a +0 sling
   (You found it on level 1 of the Dungeon)
 F - the +11 long sword of Armageddon {vamp, Str+4}
   (You took it off a minotaur in a Gauntlet)

   Str+4:     It affects your strength (+4).
Missiles
 m - 7 javelins
 H - 12 boomerangs
 L - a curare-tipped dart {!f}
 O - 26 poisoned darts (quivered)
Armour
 c - a +0 buckler (melded)
 g - a +0 helmet of intelligence (melded)
   (You found it in a Gauntlet)
 h - a +2 leather armour of poison resistance
   (You found it in a bailey)
 p - a scarf of repulsion
   (You found it on level 4 of the Dungeon)
 q - a +1 cloak (melded)
   (You took it off Crazy Yiuf on level 5 of the Dungeon)
 s - a +2 robe of willpower
   (You took it off an orc wizard on level 8 of the Dungeon)
 A - a +1 pair of gloves (melded)
   (You found it on level 5 of the Dungeon)
 E - a +4 ring mail (melded)
   (You found it on level 3 of the Dungeon)
 G - a +1 chain mail of fire resistance
   (You took it off an orc on level 3 of the Dungeon)
 X - a +2 scale mail of cold resistance
   (You found it in a bailey)
Magical Staves
 n - a staff of air
   (You found it on level 9 of the Dungeon)
 N - a staff of death
   (You found it on level 3 of the Dungeon)
Jewellery
 i - a ring of protection from fire
   (You found it on level 6 of the Dungeon)
 y - a ring of magical power (melded)
   (You found it on level 4 of the Dungeon)
 J - the ring of Inyihon (melded) {Fly rC+ Dex+4 Slay+4}
   (You found it in a bailey)

   [ring of slaying]

   Dex+4:     It affects your dexterity (+4).
   Slay+4:    It affects your accuracy & damage with ranged weapons and melee
   (+4).
   rC+:       It protects you from cold.
   Fly:       It grants you flight.
 M - an amulet of faith (around neck) {!P}
   (You found it on level 3 of the Dungeon)
 R - a ring of protection from fire
   (You found it on level 1 of the Lair of Beasts)
Wands
 d - a wand of iceblast (21)
   (You took it off Ijyb on level 5 of the Dungeon)
 o - a wand of mindburst (20)
   (You took it off Maurice on level 8 of the Dungeon)
 t - a wand of flame (29)
   (You found it on level 3 of the Dungeon)
 u - a wand of paralysis (1)
   (You found it on level 2 of the Lair of Beasts)
 v - a wand of digging (5)
   (You found it in a Gauntlet)
 x - a wand of acid (11)
   (You found it on level 6 of the Dungeon)
Scrolls
 B - 3 scrolls of fog
 C - 3 scrolls of poison {!r}
 K - 3 scrolls of blinking
 S - 3 scrolls of teleportation {@r4}
 U - a scroll of silence
 V - 3 scrolls of revelation
 Y - 2 scrolls of fear
 Z - 2 scrolls of immolation {!r}
Potions
 e - 3 potions of degeneration {!q}
 f - 2 potions of lignification {unknown}
 j - 2 potions of mutation {!q}
 k - 3 potions of haste {@q3}
 l - 3 potions of magic
 r - 4 potions of enlightenment
 w - 2 potions of curing {@q1}
 z - 3 potions of invisibility
 D - a potion of might
 I - 3 potions of resistance
 P - a potion of brilliance {unknown}
 Q - 2 potions of cancellation {unknown}
 T - 3 potions of berserk rage
 W - 6 potions of ambrosia


   Skills:
 - Level 6.0 Fighting
 - Level 14.0 Short Blades
 - Level 5.0 Armour
 - Level 5.0 Dodging
 + Level 9.1 Stealth
 - Level 6.0 Shields
 - Level 11.0 Invocations


You had 12 spell levels left.
You didn't know any spells.
Your spell library contained the following spells:

 Spells                   Type           Power      Damage    Failure   Level
 Freeze                   Ice            0%         1d3       41%         1
 Slow                     Hex            0%         N/A       41%         1
 Cigotuvi's Dreadful Rot  Necr/Alch/Air  0%         N/A       54%         2
 Static Discharge         Conj/Air       0%         3-3/arc   54%         2
 Confusing Touch          Hex            0%         N/A       78%         3
 Frozen Ramparts          Ice            0%         1d1       78%         3
 Hailstorm                Conj/Ice       0%         3d5       78%         3
 Sigil of Binding         Hex            0%         N/A       78%         3
 Summon Ice Beast         Ice/Summ       0%         N/A       78%         3
 Tukima's Dance           Hex            0%         N/A       78%         3
 Vampiric Draining        Necr           0%         2d6       78%         3
 Airstrike                Air            0%         2d(0-16)  99%         4
 Anguish                  Hex/Necr       0%         N/A       99%         4
 Cause Fear               Hex            0%         N/A       99%         4
 Dimensional Bullseye     Hex/Tloc       0%         N/A       99%         4
 Dispel Undead            Necr           0%         3d6       99%         4
 Iskenderun's Mystic Bla  Conj/Tloc      0%         2d3       99%         4
 Manifold Assault         Tloc           0%         N/A       99%         4
 Martyr's Knell           Necr/Summ      0%         N/A       99%         4
 Summon Lightning Spire   Summ/Air       0%         N/A       99%         4
 Death Channel            Necr           0%         N/A       100%        6
 Dispersal                Tloc           0%         N/A       100%        6
 Sculpt Simulacrum        Ice/Alch       0%         N/A       100%        6
 Enfeeble                 Hex            0%         N/A       100%        7
 Disjunction              Tloc           0%         N/A       100%        8


Dungeon Overview and Level Annotations

Branches:
Dungeon (11/15)            Temple (1/1) D:6            Lair (3/5) D:10
  Swamp (0/4) Lair:2        Snake (0/4) Lair:2          Orc (0/2) D:11
 Bailey (visited)         Gauntlet (visited)

Altars:
Ashenzari
Cheibriados
Dithmenos
Elyvilon
Fedhas
Gozag
Hepliaklqana
Kikubaaqudgha
Makhleb
Nemelex Xobeh
Okawaru
Qazlal
Ru
Sif Muna
Trog
Uskayaw
Vehumet
Wu Jian
Xom
Yredelemnul
Zin
The Shining One

Shops:
D:1 [=[=   D:6 *   D:8 !   D:9 *   D:11 !*

Annotations:
Lair:3 Kirke


Innate Abilities, Weirdness & Mutations

You are a filthy swine.
You move quickly.
Your equipment is almost entirely melded.
You are incapable of wielding weapons or throwing items.
You cannot cast spells.
((You have razor-sharp teeth.))
Your natural rate of healing is unusually fast.
When hurt, damage is shared between your health and your magic reserves.
((Your bite disrupts and absorbs the magic of your enemies.))
Potions cannot restore your health.


Message History

You barely miss the water moccasin.
You feel very sick. The water moccasin closely misses you.
Kirke casts a spell at you. You resist with some effort.
You hit the water moccasin.
You feel sick.
The water moccasin completely misses you.
Kirke completely misses you.
You hit the water moccasin but do no damage.
You feel sick. The water moccasin closely misses you.
You miss the water moccasin.
You feel sick. The water moccasin bites you. Kirke hits you.
You hit the water moccasin.
You feel sick. The water moccasin bites you.
You are more poisoned.
The water moccasin poisons you! Kirke hits you!!
You hit the water moccasin but do no damage.
You feel very sick. The water moccasin misses you. Kirke hits you!!
* * * LOW HITPOINT WARNING * * *
You feel very sick.
You feel sick.
The water moccasin attacks as it pursues you!
The water moccasin barely misses you.
You feel sick.
The water moccasin attacks as it pursues you!
The water moccasin completely misses you.
Kirke gestures at you while chanting. You resist with some effort.
You feel sick.
You feel sick.
Kirke whispers, "You'd look cute with a curly little tail."
You feel sick.
Your system rejects the healing.
You feel better. The water moccasin misses you.
The water moccasin closely misses you.
You can no longer pass through a line of other dancers.
Unknown command.
Okay, then.
Press: ? - help, v - describe, . - travel The floor.
Unknown command.
Press: ? - help, v - describe, . - travel
Here: a water moccasin (severely wounded)
The floor.
Found a stone staircase leading down.
A rime drake comes into view.
Kirke gestures wildly while chanting.
Kirke summons a sphinx!
The rime drake breathes ice at you. The icy flash freeze hits you!!
You die...

#...........##
.......###...........#.
.#.#.#...........†{.#...
......#...k......>.......
#.#.#..............†....#
>...............†..#...#
#.#.#.....####...#...>.8#
........## ##...#..#...#
#.#.#...hP# #...†#...#...
........P## ##...#...#...
P#.#.#...S.#
##......###.. .
..........##
#...<#..+.#..
..##.#.#...H#
##...###..###
..........@# ###.<......#
#.........###P.........##
#..................)....#
#......####P..#..........


You could see Kirke, a sphinx (summoned), a rime drake (catching breath) and a
water moccasin.

Vanquished Creatures
  Gastronok (Lair:1)
  A minotaur (Gauntlet)
  A green death (Gauntlet)
  A catoblepas (Lair:1)
  2 centaur warriors (D:11)
  3 two-headed ogres
  3 death yaks (Lair:1)
  Pikel (D:6)
  A cyclops (D:11)
  A worldbinder (Gauntlet)
  8 elephants
  Maurice (D:8)
  A black mamba (Lair:1)
  An orange demon (Gauntlet)
  A cane toad (Lair:2)
  A gargoyle (Bailey)
  A rime drake (Lair:1)
  7 komodo dragons
  The ghost of eyecon the Chopper, an amateur MiBe of Trog (D:4)
  A queen bee (D:10)
  5 trolls
  5 blink frogs (Lair:2)
  The ghost of TheWayOfAllFlesh the Chopper, an amateur VSBe of Trog (D:4)
  18 yaks
  4 shadows
  5 hogs (Lair:3)
  A wraith (D:8)
  2 wyverns
  2 vampires
  Eustachio (D:5)
  4 vampire mosquitoes
  A basilisk (D:11)
  2 steam dragons
  2 nagas (Lair:2)
  The ghost of niknal the Slasher, an amateur TeWr (D:4)
  An acid dragon (D:10)
  Edmund (D:5)
  10 water moccasins
  Duvessa (D:5)
  7 orc warriors
  4 ice beasts
  4 black bears
  A boggart (Gauntlet)
  2 ogres (D:4)
  4 centaurs
  2 lemures (D:6)
  2 kobold brigands
  5 bullfrogs
  A gnoll sergeant (D:8)
  9 wights
  Dowan (D:5)
  29 killer bees
  An electric eel (Lair:2)
  7 vampire bats (Bailey)
  4 howler monkeys
  6 wolf zombies (Bailey)
  A crimson imp (D:4)
  3 jellies
  6 hounds
  7 orc priests
  Crazy Yiuf (D:5)
  Ijyb (D:5)
  3 iguanas
  13 orc wizards
  4 sleepcaps
  3 gnolls (D:8)
  14 adders
  A shadow imp (D:7)
  A white imp (D:7)
  2 ufetubi (D:5)
  A dart slug (D:4)
  39 orcs
  9 ball pythons (D:2)
  6 bats
  6 endoplasms
  2 giant cockroaches
  13 hobgoblins
  7 jackals (D:1)
  4 quokkas
  6 frilled lizards
  A goblin (D:1)
  A goblin skeleton (D:4)
  3 goblin zombies (D:4)
  5 hobgoblin zombies (D:4)
  22 kobolds
  4 kobold skeletons (D:4)
  A kobold zombie (D:4)
  An orc skeleton (D:4)
  27 orc zombies (Bailey)
  6 rats
418 creatures vanquished.

Notes
Turn   | Place    | Note
-------+----------+-------------------------------------------
     0 | D:1      | James the Vine Stalker Fighter began the quest for the Orb.
     0 | D:1      | Reached XP level 1. HP: 11/11 MP: 2/2
    71 | D:1      | Reached skill level 2 in Short Blades
   115 | D:1      | Reached XP level 2. HP: 16/16 MP: 1/3
   293 | D:1      | Found Daykkot's Jewellery Emporium.
   410 | D:1      | Found Tatim's Antique Armour Emporium.
   465 | D:1      | Reached skill level 3 in Short Blades
   471 | D:1      | Found Momuarghe's Jewellery Boutique.
   670 | D:1      | Reached XP level 3. HP: 19/19 MP: 4/4
  1013 | D:2      | Reached XP level 4. HP: 23/23 MP: 5/5
  1613 | D:2      | Reached XP level 5. HP: 28/28 MP: 6/6
  1654 | D:3      | Found a faded altar of an unknown god.
  2072 | D:3      | Found a radiant altar of Vehumet.
  2267 | D:4      | Noticed an ogre
  2289 | D:4      | Found a glowing golden altar of the Shining One.
  2310 | D:4      | Reached skill level 4 in Short Blades
  2508 | D:4      | Reached XP level 6. HP: 20/32 MP: 3/7
  2712 | D:4      | Found a glowing silver altar of Zin.
  2979 | D:4      | Found a runed translucent gate.
  2979 | D:4      | Found a runed translucent gate.
  2979 | D:4      | Found a runed translucent gate.
  2983 | D:4      | Noticed TheWayOfAllFlesh's ghost (amateur VSBe)
  2983 | D:4      | Noticed niknal's ghost (amateur TeWr)
  2983 | D:4      | Noticed eyecon's ghost (amateur MiBe)
  2991 | D:4      | Noticed an ice beast
  3002 | D:4      | Killed an ice beast
  3003 | D:4      | Reached skill level 5 in Short Blades
  3003 | D:4      | Reached XP level 7. HP: 33/37 MP: 8/8
  3404 | D:5      | Entered Level 5 of the Dungeon
  3567 | D:5      | Noticed Ijyb
  3570 | D:5      | Noticed Eustachio
  3583 | D:5      | Killed Ijyb
  3599 | D:5      | Killed Eustachio
  3600 | D:5      | Reached skill level 1 in Dodging
  3773 | D:5      | Reached skill level 6 in Short Blades
  3816 | D:5      | Noticed Edmund
  3889 | D:4      | Gained mutation: You have razor-sharp teeth. [Vine Stalker
                  | growth]
  3889 | D:4      | Reached XP level 8. HP: 13/42 MP: 9/9
  4047 | D:5      | Killed Edmund
  4211 | D:5      | Noticed Duvessa
  4213 | D:5      | Noticed Dowan
  4226 | D:5      | Killed Duvessa
  4233 | D:5      | Killed Dowan
  4234 | D:5      | Reached skill level 7 in Short Blades
  4648 | D:5      | Found a runed translucent door.
  4649 | D:5      | Noticed Crazy Yiuf
  4661 | D:5      | Killed Crazy Yiuf
  5251 | D:6      | Reached skill level 8 in Short Blades
  5346 | D:6      | Found a staircase to the Ecumenical Temple.
  5361 | D:6      | Reached XP level 9. HP: 41/45 MP: 10/10
  5375 | Temple   | Entered the Ecumenical Temple
  5401 | Temple   | Became a worshipper of Uskayaw the Reveller
  5427 | D:6      | Noticed Pikel
  5433 | D:6      | Reached * piety under Uskayaw
  5462 | D:6      | Reached ** piety under Uskayaw
  5466 | D:6      | Reached *** piety under Uskayaw
  5472 | D:6      | Reached **** piety under Uskayaw
  5477 | D:6      | Killed Pikel
  5477 | D:6      | Reached ***** piety under Uskayaw
  5478 | D:6      | Reached skill level 9 in Short Blades
  5499 | D:6      | Found Wuru's Serpentskin Sales.
  5907 | D:6      | Reached skill level 10 in Short Blades
  6208 | D:7      | Found a flagged portal.
  6268 | Bailey   | Entered a bailey
  6633 | Bailey   | Noticed a gargoyle
  6647 | Bailey   | Killed a gargoyle
  6648 | Bailey   | Reached XP level 10. HP: 29/49 MP: 12/14
  6863 | Bailey   | Identified the ring of Inyihon {Fly rC+ Dex+4 Slay+4}
  6973 | Bailey   | Reached skill level 11 in Short Blades
  6973 | Bailey   | Reached skill level 5 in Invocations
  7530 | D:7      | Found a snail-covered altar of Cheibriados.
  7746 | D:7      | Found an iron altar of Okawaru.
  8086 | D:8      | Found Genuorph's Distillery.
  8124 | D:8      | Found a bloodstained altar of Trog.
  8328 | D:8      | Noticed Maurice
  8330 | D:8      | Maurice stole a ring of protection from cold
  8333 | D:8      | Maurice stole a +2 dagger of venom
  8335 | D:8      | Killed Maurice
  8336 | D:8      | Reached skill level 12 in Short Blades
  8570 | D:8      | Bought a potion of haste for 160 gold pieces
  8570 | D:8      | Bought a potion of might for 64 gold pieces
  8693 | D:9      | Reached XP level 11. HP: 53/53 MP: 17/17
  8821 | D:9      | Reached ****** piety under Uskayaw
  8833 | D:9      | Found a broken altar of Ashenzari.
  8834 | D:9      | Found a blossoming altar of Fedhas.
  9061 | D:9      | Found Haxke's Island Escapes.
  9069 | D:9      | Bought a scroll of blinking for 97 gold pieces
  9380 | D:10     | Entered Level 10 of the Dungeon
  9519 | D:10     | Found a staircase to the Lair.
  9539 | D:10     | Reached skill level 13 in Short Blades
  9674 | D:10     | Noticed a two-headed ogre
  9684 | D:10     | Killed a two-headed ogre
 10086 | D:11     | Found a gate leading to a gauntlet.
 10099 | Gauntlet | Entered a Gauntlet
 10099 | Gauntlet | Found a transporter.
 10104 | Gauntlet | Noticed a soul eater
 10109 | Gauntlet | Found a transporter.
 10123 | Gauntlet | Found a transporter.
 10126 | Gauntlet | Noticed a hell hog
 10128 | Gauntlet | Found a transporter.
 10146 | Gauntlet | Found a transporter.
 10153 | Gauntlet | Noticed an orange crystal statue
 10163 | Gauntlet | Found a transporter.
 10171 | Gauntlet | Found a large runed translucent door.
 10172 | Gauntlet | Found a large runed translucent door.
 10172 | Gauntlet | Noticed a wretched star
 10173 | Gauntlet | Found a large runed translucent door.
 10173 | Gauntlet | Found a large runed translucent door.
 10174 | Gauntlet | Found a runed translucent gate.
 10175 | Gauntlet | Found a transporter.
 10175 | Gauntlet | Found a runed translucent gate.
 10176 | Gauntlet | Found a runed translucent gate.
 10177 | Gauntlet | Found a large runed translucent door.
 10177 | Gauntlet | Found a large runed translucent door.
 10177 | Gauntlet | Found a runed translucent door.
 10177 | Gauntlet | Found a runed translucent door.
 10178 | Gauntlet | Found a large runed translucent door.
 10179 | Gauntlet | Found a large runed translucent door.
 10181 | Gauntlet | Found a transporter.
 10183 | Gauntlet | Found a transporter.
 10190 | Gauntlet | Found a large runed translucent door.
 10190 | Gauntlet | Found a large runed translucent door.
 10191 | Gauntlet | Found a large runed translucent door.
 10192 | Gauntlet | Found a large runed translucent door.
 10199 | Gauntlet | Noticed a glowing orange brain
 10200 | Gauntlet | Found a transporter.
 10202 | Gauntlet | Found a large runed translucent door.
 10202 | Gauntlet | Found a large runed translucent door.
 10203 | Gauntlet | Found a large runed translucent door.
 10203 | Gauntlet | Noticed a cyan ugly thing
 10204 | Gauntlet | Found a large runed translucent door.
 10204 | Gauntlet | Noticed a purple ugly thing
 10206 | Gauntlet | Found a transporter.
 10216 | Gauntlet | Noticed a glowing orange brain
 10225 | Gauntlet | Found a transporter.
 10231 | Gauntlet | Found a transporter.
 10233 | Gauntlet | Found a transporter.
 10250 | Gauntlet | Found a transporter.
 10252 | Gauntlet | Noticed a green death
 10258 | Gauntlet | Found a transporter.
 10301 | Gauntlet | Found a transporter.
 10302 | Gauntlet | Noticed a worldbinder
 10324 | Gauntlet | Found a transporter.
 10518 | Gauntlet | Noticed a death scarab
 10525 | Gauntlet | Noticed a bog body
 10525 | Gauntlet | Killed a worldbinder
 10622 | Gauntlet | Killed a green death
 10681 | Gauntlet | Identified the +1 pair of boots "Ucon" {Harm}
 10695 | Gauntlet | Identified the +11 long sword of Armageddon {vamp, Str+4}
 10695 | Gauntlet | Noticed a minotaur
 10705 | Gauntlet | Killed a minotaur
 10706 | Gauntlet | Reached skill level 14 in Short Blades
 10873 | D:11     | Found Kuckaig's Distillery.
 10886 | D:11     | Reached XP level 12. HP: 58/58 MP: 19/19
 11037 | D:11     | Noticed a two-headed ogre
 11046 | D:11     | Killed a two-headed ogre
 11069 | D:11     | Noticed a centaur warrior
 11083 | D:11     | Reached skill level 10 in Invocations
 11091 | D:11     | Killed a centaur warrior
 11094 | D:11     | Noticed a centaur warrior
 11106 | D:11     | Killed a centaur warrior
 11134 | D:11     | Noticed a two-headed ogre
 11139 | D:11     | Killed a two-headed ogre
 11366 | D:11     | Found a staircase to the Orcish Mines.
 11515 | D:11     | Found Ygguy's General Store.
 11840 | D:4      | Killed TheWayOfAllFlesh's ghost
 11842 | D:4      | Killed eyecon's ghost
 11844 | D:4      | Killed niknal's ghost
 12034 | Lair:1   | Entered Level 1 of the Lair of Beasts
 12225 | Lair:1   | Reached skill level 5 in Fighting
 12225 | Lair:1   | Reached skill level 5 in Shields
 12596 | Lair:1   | Noticed a death yak
 12596 | Lair:1   | Noticed a death yak
 12597 | Lair:1   | Noticed a death yak
 12612 | Lair:1   | Killed a death yak
 12613 | Lair:1   | Reached XP level 13. HP: 45/64 MP: 22/22
 12709 | Lair:1   | Reached skill level 5 in Armour
 12709 | Lair:1   | Reached skill level 5 in Dodging
 12709 | Lair:1   | Reached skill level 1 in Stealth
 12784 | Lair:1   | Noticed Gastronok
 12803 | Lair:1   | Killed Gastronok
 13248 | Lair:2   | Reached skill level 5 in Stealth
 13450 | Lair:2   | Found a staircase to the Swamp.
 13488 | Lair:2   | Found a staircase to the Snake Pit.
 13939 | Lair:3   | Noticed Kirke
 14125 | Lair:3   | Noticed a sphinx
 14125 | Lair:3   | Killed from afar by a rime drake

Illustrated notes

Levels and vault maps discovered:
D:1:      roderic_crop_circles_arrival_small, layout_basic, serial_shops, shop,
          shop, shop, nicolae_shop_gaudy_bauble, minmay_cut_off
D:2:      minmay_chambers_of_ones, layout_basic, minmay_snake_closets
D:3:      layout_rooms, mainiacjoe_overflow_cross_hatched,
          nicolae_ecumenical_pavilion, serial_bayou, serial_bayou_pond_a,
          serial_bayou_pond_e, serial_bayou_crossing
D:4:      layout_rooms, nicolae_tso_besieged_by_evil, general_overflow_altar,
          gammafunk_ghost_cemetery, corexii_corridor_pit
D:5:      layout_basic, hellmonk_no_cap, uniq_ijyb, uniq_edmund, uniq_eustachio,
          uniq_duvessa, uniq_crazy_yiuf_cottage
D:6:      layout_cave_pods, temple_pool_b, st_stairs_11, guppyfry_shop_venom,
          uniq_pikel
D:7:      layout_basic, mainiacjoe_overflow_24_doors, okawaru_altar_gauntlet_db,
          enter_bailey_2, kennysheep_crisscross
D:8:      layout_basic, trog_three_pillars_becter, serial_shops, shop,
          nrook_mini_vaults, uniq_maurice
D:9:      layout_long_grid, grunt_temple_overflow_open, nicolae_island_escapes
D:10:     layout_long_grid, lair_entry_dummy, special_room [special_room_bee]
D:11:     layout_roguey, david_orc_1_choice, gauntlet_entry_generic,
          serial_shops, shop, nicolae_shop_industrial_runoff, minmay_bent
Temple:   nicolae_temple_superstar
Lair:1:   layout_chaotic_city, serial_bayou_shore_b,
          infiniplex_staircase_pool_2, grunt_megastairs_4, uniq_gastronok
Lair:2:   layout_regular_city, minmay_swamp_entry_swarm,
          guppyfry_snake_entry_garden
Lair:3:   layout_chaotic_city, st_stairs_13, beast_lair_carwin_1,
          grunt_megastairs_5, uniq_kirke, uniq_josephine

Skill      XL: |  1  2  3  4  5  6  7  8  9 10 11 12 13 |
---------------+----------------------------------------+-----
Short Blades   | 2 3 4 5 6 8 10 12 14 | 14.0
Fighting       | 3 4 5 6 |  6.0
Shields        | 3 4 5 6 |  6.0
Armour         | 3 4 5 |  5.0
Dodging        | 1 3 4 5 |  5.0
Invocations    | 4 6 9 11 | 11.0
Stealth        | 9 |  9.1

Action                     |  1- 3 |  4- 6 |  7- 9 | 10-12 | 13-15 || total
---------------------------+-------+-------+-------+-------+-------++-------
  Melee: Rapier            |   107 |   245 |   375 |   556 |   132 ||  1415
         Bite              |    26 |    60 |   148 |   200 |    57 ||   491
         Unarmed           |       |       |       |       |     6 ||     6
  Throw: Dart              |     3 |     3 |     7 |     7 |       ||    20
  Evoke: Wand              |       |     1 |       |     5 |     1 ||     7
    Use: Scroll            |       |     9 |     8 |     9 |     1 ||    27
         Potion            |       |       |     1 |     4 |     1 ||     6
   Stab: Distracted        |       |       |     1 |     1 |       ||     2
         Paralysed         |       |       |     6 |    49 |    12 ||    67
         Sleeping          |       |       |       |       |     5 ||     5
 Armour: Scale mail        |    57 |    26 |       |       |       ||    83
         Ring mail         |       |   113 |   220 |   229 |    45 ||   607
         Leather armour    |       |       |       |    11 |       ||    11
         Skin              |       |       |       |       |     7 ||     7
  Dodge: Dodged            |    61 |    88 |   167 |   188 |    48 ||   552
  Block: Buckler           |    26 |    65 |   105 |    96 |    25 ||   317

Table legend: (Time is in decaauts)
 A = Elapsed time spent in this place.
 B = Non-inter-level travel time spent in this place.
 C = Inter-level travel time spent in this place.
 D = Time resting spent in this place.
 E = Time spent auto-exploring this place.
 F = Levels seen in this place.
 G = Mean time per level.
                   A        B        C        D        E       F      G
               +--------+--------+--------+--------+--------+-----+--------+
         Total |  13814 |  12846 |    968 |   1211 |   6822 |  17 |  812.6 |
       Dungeon |  10252 |   9367 |    885 |    719 |   5312 |  11 |  932.0 |
        Temple |     33 |      2 |     31 |      0 |      0 |   1 |   33.0 |
          Lair |   1998 |   1947 |     51 |    171 |   1118 |   3 |  666.0 |
        Bailey |    858 |    858 |      0 |    239 |     38 |   1 |  858.0 |
      Gauntlet |    672 |    672 |      0 |     82 |    353 |   1 |  672.0 |
               +--------+--------+--------+--------+--------+-----+--------+

Top non-repeatable levels by time:
     D:4: 1270 daAuts
     D:5: 1243 daAuts
     D:6: 1160 daAuts
  Lair:1: 1021 daAuts
     D:7: 930 daAuts
     D:2: 920 daAuts
     D:3: 920 daAuts
  Bailey: 858 daAuts
  Lair:2: 845 daAuts
    D:11: 816 daAuts
     D:9: 781 daAuts
     D:1: 771 daAuts
    D:10: 749 daAuts
     D:8: 688 daAuts
Gauntlet: 672 daAuts
